 Dungeon Crawl Stone Soup version 0.21.1-1-g345015fe64 (webtiles) character file.

319 Oravi the Vandal (level 6, -1/42 HPs)
             Began as a Halfling Fighter on Mar 24, 2018.
             Slain by a wyvern (14 damage)
             ... on level 4 of the Dungeon.
             The game lasted 00:13:44 (2756 turns).

Oravi the Vandal (Halfling Fighter)                 Turns: 2756, Time: 00:13:45

Health: -1/42      AC: 10    Str: 18    XL:     6   Next: 75%
Magic:  6/6        EV:  9    Int:  6    God:
Gold:   140        SH: 10    Dex: 15    Spells: 5/5 levels left

rFire    . . .     SeeInvis .   a - +4 short sword
rCold    . . .     Gourm    .   c - +0 shield
rNeg     . . .     Faith    .   e - +0 scale mail
rPois    .         Spirit   .   (no helmet)
rElec    .         Reflect  .   v - +1 cloak
rCorr    .         Harm     .   (no gloves)
MR       .....                  l - +0 pair of boots
Stlth    ..........             s - amulet of magic regeneration
HPRegen  0.14/turn              (no ring)
MPRegen  0.35/turn              (no ring)

@: no status effects
A: small, mutation resistance 1
a: no special abilities


You were on level 4 of the Dungeon.
You were not hungry.

You visited 1 branch of the dungeon, and saw 4 of its levels.

You collected 140 gold pieces.

Inventory:

Hand Weapons
 a - a +4 short sword (weapon)
 b - a +0 hunting sling
 o - a +0 rapier
Missiles
 i - 40 sling bullets
 m - 127 stones (quivered)
Armour
 c - a +0 shield (worn)
 e - a +0 scale mail (worn)
 l - a +0 pair of boots (worn)
 v - a +1 cloak (worn)
Jewellery
 s - an amulet of magic regeneration (around neck)
Wands
 u - a wand of random effects (12)
 w - a wand of disintegration (11)
Scrolls
 g - a scroll of fog {unknown}
 h - 3 scrolls of identify {unknown}
 j - a scroll of noise {unknown}
 t - 2 scrolls of fear {unknown}
 x - a scroll of enchant weapon {unknown}
 y - a scroll of remove curse {unknown}
 B - a scroll of random uselessness {unknown}
Potions
 d - a potion of might
 k - a potion of brilliance {unknown}
 n - a potion of lignification {unknown}
 p - 2 potions of resistance {unknown}
 q - a potion of heal wounds {unknown}
 r - a potion of degeneration {unknown}
 A - a potion of berserk rage {unknown}
Comestibles
 f - 7 rations
 z - 4 chunks of flesh


   Skills:
 + Level 3.5 Fighting
 + Level 3.2 Short Blades
 + Level 6.4 Slings
 + Level 4.0 Armour
 + Level 0.7 Dodging
 + Level 3.8 Shields


You had 5 spell levels left.
You didn't know any spells.

Dungeon Overview and Level Annotations

Branches:
Dungeon (4/15)
 Temple: D:4-7

Altars:
Uskayaw
Xom


Innate Abilities, Weirdness & Mutations

You are small and have problems with some larger weapons.
You are somewhat resistant to further mutation.


Message History

The wyvern is almost dead.
The wyvern barely misses you.
You barely miss the wyvern.
The wyvern is almost dead.
The wyvern bites you but does no damage.
You block the wyvern's attack.
You barely miss the wyvern.
The wyvern is almost dead.
You block the wyvern's attack.
You barely miss the wyvern.
The wyvern is severely wounded.
You block the wyvern's attack.
The wyvern bites you but does no damage.
You hit the wyvern.
The wyvern is almost dead.
You block the wyvern's attack.
You hit the wyvern.
The wyvern is almost dead.
The wyvern bites you! x2
You die...

...................#
....................#
....................#######
...................##......
..................##.......
.............####........
.............####........
...............##........
.............#@l.........
............####........
###......... .........
#..####.............. #..
#..###.)....... #..#
.......... #.. .#........
..#......>.


You could see a wyvern.

Vanquished Creatures
  An orc priest (D:3)
  Jessica (D:3)
  Natasha (twice) (D:2)
  An orc wizard (D:3)
  2 worker ants (D:3)
  4 gnolls
  3 adders
  3 worms
  2 dart slugs
  A leopard gecko (D:1)
  4 orcs (D:3)
  3 ball pythons (D:2)
  4 giant cockroaches
  7 hobgoblins
  6 jackals
  5 kobolds
  3 quokkas
  7 bats
  9 frilled lizards
  9 goblins
  3 rats
80 creatures vanquished.

Notes
Turn   | Place    | Note
-------+----------+-------------------------------------------
     0 | D:1      | Oravi the Halfling Fighter began the quest for the Orb.
     0 | D:1      | Reached XP level 1. HP: 15/15 MP: 1/1
    96 | D:1      | Reached XP level 2. HP: 20/20 MP: 2/2
   336 | D:1      | Reached XP level 3. HP: 26/26 MP: 3/3
   339 | D:1      | Reached skill level 1 in Slings
   767 | D:2      | Reached skill level 2 in Slings
   857 | D:2      | Reached XP level 4. HP: 26/31 MP: 4/4
   918 | D:2      | Reached skill level 3 in Slings
   951 | D:2      | Found a hide-covered altar of Uskayaw.
   951 | D:2      | Noticed Natasha
   956 | D:2      | Killed Natasha
  1083 | D:2      | Reached skill level 4 in Slings
  1084 | D:2      | Reached XP level 5. HP: 36/36 MP: 5/5
  1329 | D:2      | Noticed Natasha
  1359 | D:2      | Killed Natasha
  1359 | D:2      | Reached skill level 5 in Slings
  1818 | D:3      | Reached XP level 6. HP: 42/42 MP: 6/6
  1839 | D:3      | Reached skill level 6 in Slings
  2445 | D:3      | Found a shimmering altar of Xom.
  2585 | D:3      | Noticed Jessica
  2595 | D:3      | Killed Jessica
  2738 | D:4      | Noticed a wyvern
  2756 | D:4      | Slain by a wyvern

Skill      XL: |  1  2  3  4  5  6 |
---------------+-------------------+-----
Fighting       | 3 |  3.5
Slings         | 2 4 5 6 |  6.4
Short Blades   | 3 |  3.2
Armour         | 4 |  4.0
Dodging        | |  0.7
Shields        | |  3.8

Action                   |  1- 3 |  4- 6 || total
-------------------------+-------+-------++-------
Melee: Rapier            |    17 |       ||    17
       Short sword       |     2 |    65 ||    67
       Unarmed           |       |     7 ||     7
 Fire: Hunting sling     |    73 |   106 ||   179
  Eat: Chunk             |       |     6 ||     6
Armor: Scale mail        |     9 |    42 ||    51
       Skin              |       |     1 ||     1
Dodge: Dodged            |    10 |    23 ||    33
Block: Shield            |    14 |    45 ||    59
